 Dungeon Crawl Stone Soup version 0.28.0-45-g0d030f2227 (webtiles) character file.

Game seed: 3746497294091627777

8 Descartes the Magician (level 2, 0/18 HPs)
             Began as an Octopode Wanderer on Apr 12, 2022.
             Slain by Sigmund
             ... wielding a +0 scythe
              (11 damage)
             ... on level 2 of the Dungeon.
             The game lasted 00:01:26 (484 turns).

Descartes the Magician (Octopode Wanderer)           Turns: 484, Time: 00:01:27

Health: 0/18       AC:  1    Str:  8    XL:     2   Next: 8%
Magic:  7/7        EV: 12    Int: 14    God:
Gold:   43         SH:  0    Dex: 14    Spells: 7/9 levels left

rFire   . . .      SeeInvis .   d - +0 dagger
rCold   . . .      Faith    .   (no shield)
rNeg    . . .      Spirit   .   (helmet restricted)
rPois   .          Reflect  .   (no amulet)
rElec   .          Harm     .   (no ring)
rCorr   .          Rampage  .   (no ring)
Will    .....                   (no ring)
Stlth   ++........              (no ring)
HPRegen 0.06/turn               (no ring)
MPRegen 0.10/turn               (no ring)
                                (no ring)
                                (no ring)

@: no status effects
A: almost no armour, amphibious, 8 rings, camouflage 1, gelatinous body 1,
(nimble swimmer 1), tentacles
a: no special abilities


You were on level 2 of the Dungeon.
You visited 1 branch of the dungeon, and saw 2 of its levels.

You collected 43 gold pieces.

Inventory:

Hand Weapons
 a - a +0 vorpal hunting sling
 d - a +0 dagger (weapon)
Missiles
 b - 17 sling bullets
 c - 9 poisoned darts (quivered)
Scrolls
 e - a scroll of teleportation {unknown}
 f - a scroll of fear {unknown}
 h - a scroll of noise {unknown}
 i - 2 scrolls of amnesia {unknown}
Potions
 g - a potion of haste {unknown}


   Skills:
 - Level 1.0 Fighting
 - Level 2.0(2.4) Slings
 - Level 2.0(2.4) Throwing
 - Level 1.0 Dodging
 - Level 4.0 Spellcasting
 + Level 1.6 Conjurations


You had 7 spell levels left.
You knew the following spells:

 Your Spells              Type           Power      Damage    Failure   Level
a - Searing Ray           Conj           14%        2d5       14%         2

Your spell library contained the following spells:

 Spells                   Type           Power      Damage    Failure   Level
 Magic Dart               Conj           28%        1d4       10%         1
 Slow                     Hex            8%         N/A       19%         1
 Static Discharge         Conj/Air       5%         N/A       21%         2
 Call Imp                 Summ           2%         N/A       28%         2
 Mephitic Cloud           Conj/Pois/Air  4%         N/A       43%         3
 Confusing Touch          Hex            2%         N/A       50%         3
 Vampiric Draining        Necr           2%         2d6       50%         3


Dungeon Overview and Level Annotations

Branches:
Dungeon (1/15)

Altars:

Annotations:
D:2 Sigmund


Innate Abilities, Weirdness & Mutations

You cannot wear most types of armour.
You are amphibious.
You can wear up to eight rings at the same time.
Your skin changes colour to match your surroundings (Stealth+).
Your rubbery body absorbs attacks. (AC +1, EV +1)
((You are camouflaged when in or above water. (Stealth+)))
You have tentacles for arms and can constrict up to eight enemies at once.


Message History

You pick up a book of Minor Magic and begin reading...
You add the spells Magic Dart, Call Imp and Mephitic Cloud to your library.
A frilled lizard comes into view.
The frilled lizard hisses angrily.
You hit the frilled lizard but do no damage.
Your grab misses the frilled lizard. You squeeze the frilled lizard.
You kill the frilled lizard!
No target in view!
No target in view!
No target in view!
No target in view!
No target in view!
No target in view!
No target in view!
No target in view!
No target in view!
No target in view!
No target in view!
No target in view!
No target in view!
Found a stone staircase leading down.
You now have 43 gold pieces (gained 8).
A sourceless malevolence fills the Dungeon...
You fall into a shaft and drop 1 floor!
The shaft crumbles and collapses.
Found a faded altar of an unknown god.
You open the door.
Sigmund the Dreaded comes into view.
He is wielding a +0 scythe.
Found a scroll labelled JIGRUNO GUYNK.
Sigmund casts a spell at you. The magic dart hits you.
There is an open door, spattered with blood here.
Sigmund hits you from afar with a +0 scythe.
A hobgoblin comes into view.
Found 19 stones.
You hit Sigmund but do no damage. You grab Sigmund.
You constrict Sigmund, but do no damage.
Sigmund hits you with a +0 scythe!
Ouch! That really hurt!
You die... .#. #... ...? # ###### ...
PPP

##....###.###.
PPPPP###..P..#.......
P.PPPP_......'.#.###.#
PPPPP###...PP#.......#


P.P ##....#@.###### # ######.@# ...# ....# .....# .g....# .......+ (.......# You
could see Sigmund and a hobgoblin (asleep).

Vanquished Creatures
  A dart slug (D:1)
  A bat (D:1)
  A giant cockroach (D:1)
  A goblin (D:1)
  A frilled lizard (D:1)
  A kobold (D:1)
6 creatures vanquished.

Notes
Turn   | Place    | Note
-------+----------+-------------------------------------------
     0 | D:1      | Descartes the Octopode Wanderer began the quest for the
                  | Orb.
     0 | D:1      | Descartes set off with the following items: a +0 vorpal
                  | hunting sling, 17 sling bullets, 9 poisoned darts, a +0
                  | dagger; and the following spells available to memorise:
                  | Searing Ray, Static Discharge
     0 | D:1      | Reached XP level 1. HP: 13/13 MP: 5/5
   169 | D:1      | Reached skill level 1 in Conjurations
   221 | D:1      | Reached XP level 2. HP: 12/18 MP: 7/7
   360 | D:1      | Learned a level 2 spell: Searing Ray
   471 | D:1      | You fall into a shaft and drop 1 floor!
   471 | D:2      | Found a faded altar of an unknown god.
   481 | D:2      | Noticed Sigmund
   484 | D:2      | Slain by Sigmund

Illustrated notes

Levels and vault maps discovered:
D:1:      eino_arrival_cavern_e, layout_rooms, serial_bayou_pond_d,
          minmay_misc_feat_diagonals, roderic_lattice_a
D:2:      layout_basic, serial_shops, shop,
          shapermc_ecumenical_altar_flowoftime, hangedman_decor_growths,
          minmay_stone_trees_small, uniq_sigmund

Skill      XL: |  1 |
---------------+----+-----
Conjurations   | 1 |  1.6
Fighting       | |  1.0
Slings         | |  2.0
Throwing       | |  2.0
Dodging        | |  1.0
Spellcasting   | |  4.0

Action                   || total
-------------------------++-------
Melee: Dagger            ||    11
       Constrict         ||     5
       Tentacles         ||     4
       Punch             ||     1
 Stab: Sleeping          ||     2
Armor: Skin              ||     1
Dodge: Dodged            ||     5
